 Dungeon Crawl Stone Soup version 0.31-a0-210-gccc998df9b (webtiles) character file.

Game seed: 11990194995671102416

170 qw the Chopper (level 5, 0/32 HPs)
             Began as a Gargoyle Fighter on June 30, 2023.
             Slain by Eustachio
             ... wielding a +0 rapier
              (4 damage)
             ... on level 4 of the Dungeon.
             The game lasted 00:01:23 (2552 turns).

qw the Chopper (Gargoyle Fighter)                   Turns: 2552, Time: 00:01:23

Health: 0/32       AC: 12    Str: 22      XL:     5   Next: 50%
Magic:  5/5        EV:  9    Int:  8      God:
Gold:   55         SH:  4    Dex:  8 (9)  Spells: 4/4 levels left

rFire   . . .        n - +0 war axe (vamp)
rCold   . . .        c - +0 buckler
rNeg    + . .        b - +0 scale mail
rPois   inf          (no helmet)
rElec   +            (no cloak)
rCorr   .            f - +0 pair of gloves
SInv    .            (no boots)
Will    .....        (no amulet) Stlth
                     (no ring)
HPRegen 0.25/turn    (no ring)
MPRegen 0.09/turn

%: no passive effects
@: no status effects
A: sickness immunity, AC +4, negative energy resistance 1, electricity
resistance, torment resistance 1, petrification resistance
a: no special abilities


You were on level 4 of the Dungeon.
You visited 1 branch of the dungeon, and saw 4 of its levels.

You collected 133 gold pieces.
You spent 78 gold pieces at shops.


Innate Abilities, Weirdness & Mutations

You are immune to sickness and miasma.
Your stone body is resilient. (AC +4)
You are immune to poison.
You resist negative energy. (rN+)
You are resistant to electric shocks. (rElec)
You are resistant to unholy torment.
You are immune to petrification.


   Skills:
 + Level 3.4 Fighting
 - Level 5.0 Axes
 - Level 3.2 Armour
 - Level 3.2 Shields


You had 4 spell levels left.
You didn't know any spells.
Your spell library was empty.

Inventory:

Hand Weapons
 g - a +0 flail
 n - a +0 vampiric war axe (weapon)
Armour
 b - a +0 scale mail (worn)
 c - a +0 buckler (worn)
 f - a +0 pair of gloves (worn)
Jewellery
 e - a ring of fire
Potions
 a - a potion of magic {unknown}
 d - 2 potions of might
 h - a potion of heal wounds {unknown}
 i - a potion of degeneration {unknown}
 j - a potion of lignification
 k - a potion of berserk rage {unknown}
 l - a potion of haste {unknown}
 m - 2 potions of curing

Dungeon Overview and Level Annotations

Branches:
Dungeon (4/15)
 Temple: D:4-7

Altars:

Shops:
D:2 !

Annotations:
D:4 Eustachio


Message History

Eustachio is moderately wounded.
Eustachio yells, "Perjured traitor, DIE!"
Eustachio casts a spell.
You barely miss Eustachio.
Eustachio is moderately wounded.
You closely miss the rat. Eustachio hits you with a +0 rapier.
The rat barely misses you. Eustachio hits you with a +0 rapier.
You closely miss Eustachio.
Eustachio is moderately wounded.
You hit the rat.
You kill the rat!
The rat's corpse disappears in a puff of smoke!
Eustachio hits you with a +0 rapier.
You barely miss Eustachio.
Eustachio is moderately wounded.
Eustachio hits you with a +0 rapier.
You slash Eustachio!
You feel better.
Eustachio is heavily wounded.
Eustachio screams, "At last I'll have my revenge!"
Eustachio hits you but does no damage.
You miss Eustachio.
Eustachio is heavily wounded.
Eustachio hits you with a +0 rapier. x2
You miss Eustachio.
Eustachio is heavily wounded.
You block Eustachio's attack.
You hit Eustachio.
You feel better.
Eustachio is heavily wounded.
Eustachio hits you with a +0 rapier.
You barely miss Eustachio.
Eustachio is heavily wounded.
Eustachio hits you but does no damage.
The iron imp grins evilly.
You barely miss Eustachio.
Eustachio is heavily wounded.
The iron imp disappears in a puff of smoke!
Eustachio gestures wildly while chanting.
Eustachio hits you with a +0 rapier.
You die...

.## ##..#...... ...####
####..##......
......##############....#........
....<...............##...........
.......####........####..........
.......##......555...............
.......##.######5#############.##
........#......#@#...........#.#
........#.####.#@#.####.####.#.#
........#.# #5# #.#....#.#
..........# #.# #.#.####.##
.......##.#...........#.#........
.......##.#############.#########
######.....%...................
###.................).....
########################


You could see Eustachio, an iron imp (summoned), 2 quasits, a white imp
(summoned, expiring) and a shadow imp (summoned).

Vanquished Creatures
  Jessica (D:2)
  An iguana (D:4)
  6 adders
  A worm (D:2)
  2 dart slugs
  An orc (D:3)
  9 ball pythons
  An endoplasm (D:3)
  2 giant cockroaches
  8 hobgoblins
  3 jackals (D:1)
  A kobold (D:1)
  5 quokkas
  5 bats
  6 frilled lizards
  3 goblins
  4 rats
59 creatures vanquished.

Notes
Turn   | Place    | Note
-------+----------+-------------------------------------------
     0 | D:1      | qw the Gargoyle Fighter began the quest for the Orb.
     0 | D:1      | Reached XP level 1. HP: 14/14 MP: 1/1
     0 | D:1      | 0 ||| qw: Version: 0.3-a-26-gee661ec
     0 | D:1      | 0 ||| qw: Game counter: 7168
     0 | D:1      | 0 ||| qw: Melee chars always use a shield: true
     0 | D:1      | 0 ||| qw: God list: Okawaru
     0 | D:1      | 0 ||| qw: Allow faded altars: false
     0 | D:1      | 0 ||| qw: Do Orc after clearing Dungeon:15 true
     0 | D:1      | 0 ||| qw: Do second Lair branch before Depths: true
     0 | D:1      | 0 ||| qw: Lair rune preference: random
     0 | D:1      | 0 ||| qw: Goals: Normal, Zot:1-4, Slime:5, God:TSO, Crypt,
                  | Tomb, Abyss, Pan, Hells, Win
     0 | D:1      | 0 ||| PLANNING D:1-11
    30 | D:1      | Reached skill level 2 in Axes
   104 | D:1      | Reached XP level 2. HP: 16/19 MP: 2/2
   212 | D:1      | Found a faded altar of an unknown god.
   341 | D:1      | Reached skill level 3 in Axes
   341 | D:1      | Reached XP level 3. HP: 23/23 MP: 3/3
   644 | D:1      | 644 ||| UPGRADING to +0 pair of gloves.
   649 | D:1      | 649 ||| READING scroll labelled CUDAXK USMIO.
   650 | D:1      | 650 ||| READING scroll labelled TINIG HEOBB.
   936 | D:2      | You fall into a shaft and drop 1 floor!
  1082 | D:2      | 1082 ||| Stepping ~*~*~tactically~*~*~ (hiding).
  1085 | D:2      | 1085 ||| Stepping ~*~*~tactically~*~*~ (hiding).
  1087 | D:2      | 1087 ||| Stepping ~*~*~tactically~*~*~ (hiding).
  1142 | D:2      | Reached XP level 4. HP: 23/28 MP: 4/4
  1185 | D:2      | Noticed Jessica
  1186 | D:2      | 1186 ||| Stepping ~*~*~tactically~*~*~ (hiding).
  1187 | D:2      | 1187 ||| Stepping ~*~*~tactically~*~*~ (hiding).
  1194 | D:2      | Killed Jessica
  1195 | D:2      | Reached skill level 4 in Axes
  1195 | D:2      | 1195 ||| Stepping ~*~*~tactically~*~*~ (stealth).
  1297 | D:2      | 1297 ||| Stepping ~*~*~tactically~*~*~ (stealth).
  1451 | D:2      | Reached XP level 5. HP: 31/32 MP: 5/5
  1626 | D:2      | Found Culun's Distillery.
  1633 | D:2      | 1633 ||| BUYING 2 potions of curing (78 gold).
  1633 | D:2      | Bought 2 potions of curing for 78 gold pieces
  1633 | D:2      | 1633 ||| SHOPLISTING potion of attraction (39 gold, have
                  | 9).
  1633 | D:2      | 1633 ||| SHOPLISTING potion of curing (39 gold, have 9).
  1633 | D:2      | 1633 ||| SHOPLISTING potion of might (52 gold, have 9).
  1720 | D:2      | 1720 ||| READING scroll labelled PAIKIA FITOROV.
  1721 | D:2      | 1721 ||| READING scroll labelled ALAQAU DIFAI.
  1848 | D:3      | 1848 ||| DROPPING +0 whip.
  1886 | D:3      | 1886 ||| Stepping ~*~*~tactically~*~*~ (stealth).
  1887 | D:3      | 1887 ||| Stepping ~*~*~tactically~*~*~ (stealth).
  2325 | D:3      | 2325 ||| READING scroll labelled FABLOA HIALEON.
  2326 | D:3      | 2326 ||| READING scroll labelled UDWAIFEEQA.
  2327 | D:3      | 2327 ||| READING scroll labelled WAXARH NOOPI.
  2330 | D:3      | 2330 ||| DRINKING 2 fizzy yellow potions.
  2417 | D:4      | Reached skill level 5 in Axes
  2506 | D:4      | Noticed Eustachio
  2545 | D:4      | HP: 5/32 [Eustachio/+0 rapier (4)]
  2550 | D:4      | HP: 3/32 [Eustachio/+0 rapier (6)]
  2552 | D:4      | Slain by Eustachio

Levels and vault maps discovered:
D:1:      saegor_arrival_simple_d, layout_rooms,
          hellmonk_ecumenical_altar_run_dry, serial_corexii_hall,
          chequers_hall_statues_y, corexii_hall_statues_l,
          chequers_hall_statues_wall_a, corexii_hall_statues_l
D:2:      layout_basic, serial_shops, shop, nrook_mini_vaults, uniq_jessica
D:3:      layout_basic
D:4:      layout_cave_pods, lemuel_blue_sif_altar, serial_shops,
          nicolae_shop_rolled_up, corexii_checkpoint_b, minmay_fountain_box,
          serial_bayou_lagoon_a, roderic_lattice_a, minmay_tree_intersection,
          lexackson_kobold_supper, uniq_eustachio

Skill      XL: |  1  2  3  4  5 |
---------------+----------------+-----
Axes           | 2 3 4 5 |  5.0
Fighting       | |  3.4
Armour         | |  3.2
Shields        | |  3.2

Action                     |  1- 3 |  4- 6 || total
---------------------------+-------+-------++-------
  Melee: War axe           |   124 |   103 ||   227
    Use: Scroll            |     2 |     5 ||     7
         Potion            |       |     1 ||     1
 Armour: Scale mail        |    59 |    61 ||   120
  Dodge: Dodged            |    61 |    45 ||   106
  Block: Buckler           |    14 |    27 ||    41

Table legend:
 A = Non-vault XP
 B = Vault XP
 C = Vault XP percentage of total XP
 D = Non-vault monster count
 E = Vault monster count
 F = Vault count percentage of total count
                 A         B        C        D         E       F
            +---------+---------+-------+---------+---------+-------
      Total |     206 |      37 |  15.2 |      58 |       1 |   1.7
            +---------+---------+-------+---------+---------+-------
        D:1 |      44 |       0 |   0.0 |      26 |       0 |   0.0
        D:2 |      83 |      37 |  30.8 |      21 |       1 |   4.5
        D:3 |      27 |       0 |   0.0 |       7 |       0 |   0.0
        D:4 |      52 |       0 |   0.0 |       4 |       0 |   0.0
            +---------+---------+-------+---------+---------+-------
